 Dungeon Crawl Stone Soup version 0.20.0-8-g6b59dc7 (webtiles) character file.

6457 Ijustatesigmund the Deliberate (level 10, -1/67 HPs)
             Began as an Octopode Assassin on May 29, 2017.
             Was a Follower of Cheibriados.
             Slain by a seven-headed hydra (10 damage)
             ... on level 9 of the Dungeon on May 30, 2017.
             The game lasted 00:27:56 (9930 turns).

Ijustatesigmund the Deliberate (Octopode Assassin)  Turns: 9930, Time: 00:27:58

Health: -1/67      AC:  5    Str: 13    XL:     10   Next: 99%
Magic:  16/16      EV: 14    Int: 16    God:    Cheibriados [*.....]
Gold:   482        SH: 18    Dex: 21    Spells: 9/9 levels left

rFire    . . .     SeeInvis +   z - +6 morningstar (flame)
rCold    . . .     Gourm    .   p - +2 large shield
rNeg     . . .     Faith    .   (helmet restricted)
rPois    .         Spirit   .   D - amulet of magic regeneration
rElec    .         Reflect  .   j - +2 ring of protection
rCorr    .         Harm     .   r - ring of wizardry
MR       +....                  v - ring of see invisible
Stlth    +++++.....             (no ring)
Regen    0.3/turn               (no ring)
MPRegen  0.3/turn               (no ring)
                                (no ring)
                                (no ring)

@: about to teleport, very slow
A: almost no armour, stealthy swim, amphibious, 8 rings, constrict 8, iridescent
scales 1, camouflage 1, magic resistance 1, gelatinous body 1
a: Bend Time, Renounce Religion


You were on level 9 of the Dungeon.
You worshipped Cheibriados.
Cheibriados was aware of your devotion.
You were hungry.

You visited 2 branches of the dungeon, and saw 10 of its levels.

You collected 482 gold pieces.

Inventory:

Hand Weapons
 b - a +0 blowgun
 z - a +6 morningstar of flaming (weapon)
Missiles
 c - 32 poisoned needles
 o - a curare-tipped needle
Armour
 e - a +0 shield
 p - a +2 large shield (worn)
Jewellery
 j - a +2 ring of protection (left tentacle)
 r - a ring of wizardry (right tentacle)
 v - a ring of see invisible (on tentacle)
 D - an amulet of magic regeneration (around mantle)
Wands
 d - a wand of flame (33/48)
 g - a wand of scattershot (2/9)
 i - a wand of polymorph (3/24)
 u - a wand of acid (4/15)
 B - a wand of digging (15/24)
 E - a wand of lightning (9/15)
Scrolls
 a - a scroll of magic mapping
 k - 3 scrolls of teleportation
 q - 2 scrolls of amnesia
 w - a scroll of recharging
 y - 2 scrolls of remove curse
Potions
 s - 2 potions of lignification
 t - a potion of flight
 A - a potion of invisibility
Books
 n - a book of Cantrips

   Spells                             Type                      Level
   a - Confusing Touch                Hexes                        1
   b - Animate Skeleton               Necromancy                   1
   c - Summon Small Mammal            Summoning                    1
   d - Apportation                    Translocation                1
Miscellaneous
 x - a sack of spiders
Comestibles
 f - 8 bread rations
 h - 5 fruits
 l - 6 meat rations
 m - 8 royal jellies


   Skills:
 - Level 5.6 Fighting
   Level 2.0 Short Blades
 - Level 6.8 Maces & Flails
 - Level 2.0 Throwing
 - Level 5.1 Dodging
 - Level 8.4 Stealth
 - Level 8.6 Shields
 + Level 9.0 Invocations


You had 9 spell levels left.
You didn't know any spells.

Dungeon Overview and Level Annotations

Branches:
Dungeon (9/15)             Temple (1/1) D:7
   Lair: D:8-11         Orc: D:9-12

Altars:
Ashenzari
Cheibriados
Dithmenos
Elyvilon
Fedhas
Gozag
Hepliaklqana
Kikubaaqudgha
Makhleb
Nemelex Xobeh
Okawaru
Qazlal
Ru
Sif Muna
Trog
Uskayaw
Vehumet
Xom
Yredelemnul
Zin
The Shining One


Innate Abilities, Weirdness & Mutations

You cannot wear most types of armour.
You are very stealthy in the water. (Stealth+)
You are amphibious.
You can wear up to eight rings at the same time.
You can use your tentacles to constrict eight enemies at once.
Your skin changes colour to match your surroundings (Stealth+).
Your rubbery body absorbs attacks. (AC +1, EV +1)
You are partially covered in iridescent scales. (AC +2)
You are resistant to hostile enchantments. (MR+)


Message History

As you read the scroll of teleportation, it crumbles to dust.
You feel strangely unstable.
The seven-headed hydra barely misses you.
The seven-headed hydra bites you.
You block the seven-headed hydra's attack. x2
The seven-headed hydra bites you!
* * * LOW HITPOINT WARNING * * *
The seven-headed hydra bites you.
* * * LOW HITPOINT WARNING * * *
You block the seven-headed hydra's attack.
The crocodile closely misses you.
Okay, then.
You feel better.
You block the seven-headed hydra's attack. x2
The seven-headed hydra bites you!
* * * LOW HITPOINT WARNING * * *
The seven-headed hydra barely misses you.
You block the seven-headed hydra's attack. x2
The seven-headed hydra bites you!
You die...

### ## #### ### #.%#
#.##..######.# #..
#.#.##.......
#.l######........###
..###.t.#......†...###
# #....lD@.$....######
.$....#........#
..#....#...####....
#.......#..# ###.#
##.###.##### # ## ####
#... #... #...


You could see a seven-headed hydra, a crocodile and 2 wyverns.

Vanquished Creatures
  A two-headed ogre (D:9)
  An efreet (D:6)
  Prince Ribbit (D:6)
  6 yaks (D:9)
  Sigmund (D:3)
  2 wyverns (D:9)
  A human (D:7)
  4 hogs (D:7)
  2 water moccasins
  A swamp drake (D:9)
  2 phantoms
  2 ice beasts
  5 ogres
  4 centaurs
  A crocodile (D:9)
  2 big kobolds (D:9)
  7 bullfrogs
  2 scorpions
  A howler monkey (D:8)
  A centaur zombie (D:5)
  A crimson imp (D:7)
  6 hounds
  A bullfrog zombie (D:9)
  An orc priest (D:8)
  Crazy Yiuf (D:3)
  3 bullfrog skeletons
  A centaur skeleton (D:8)
  2 jellies (D:8)
  7 orc wizards
  Jessica (D:3)
  6 worker ants
  A hound skeleton (D:7)
  A worker ant zombie (D:9)
  4 gnolls
  12 adders
  2 shadow imps (D:5)
  An ooze (D:3)
  An adder zombie (D:5)
  An adder skeleton (D:7)
  A worm (D:4)
  2 dart slugs
  8 leopard geckos
  16 orcs
  9 giant cockroaches
  15 hobgoblins
  2 jackals (D:5)
  16 kobolds
  5 quokkas
  2 ball pythons
  10 bats
  7 frilled lizards
  8 goblins
  3 leopard gecko skeletons
  A quokka zombie (D:5)
  8 rats
213 creatures vanquished.

Notes
Turn   | Place    | Note
-------+----------+-------------------------------------------
     0 | D:1      | Ijustatesigmund the Octopode Assassin began the quest for the Orb.
     0 | D:1      | Reached XP level 1. HP: 14/14 MP: 1/1
   115 | D:1      | Reached XP level 2. HP: 8/19 MP: 2/2
   545 | D:1      | Reached XP level 3. HP: 22/24 MP: 3/3
  1089 | D:2      | Found a blossoming altar of Fedhas.
  1089 | D:2      | Found a shattered altar of Ashenzari.
  1116 | D:2      | Reached XP level 4. HP: 27/29 MP: 4/4
  1451 | D:2      | Found a shadowy altar of Dithmenos.
  2169 | D:2      | Found a deep blue altar of Sif Muna.
  2288 | D:3      | Noticed Sigmund
  2295 | D:3      | Killed Sigmund
  2295 | D:3      | Reached XP level 5. HP: 34/34 MP: 5/5
  2295 | D:3      | Reached XP level 6. HP: 39/39 MP: 6/6
  2308 | D:3      | Gained mutation: You are frail. (-10% HP) [potion of mutation]
  2308 | D:3      | Gained mutation: You are partially covered in iridescent scales. (AC +2) [potion of mutation]
  2308 | D:3      | Lost mutation: You are frail. (-10% HP) [potion of mutation]
  2308 | D:3      | Gained mutation: You are resistant to hostile enchantments. (MR+) [potion of mutation]
  2373 | D:3      | Noticed Jessica
  2375 | D:3      | Killed Jessica
  2646 | D:3      | Found a runed door.
  2650 | D:3      | Noticed Crazy Yiuf
  2661 | D:3      | Killed Crazy Yiuf
  3213 | D:4      | Found a sparkling altar of Nemelex Xobeh.
  3704 | D:4      | Reached XP level 7. HP: 43/45 MP: 7/7
  4385 | D:5      | Entered Level 5 of the Dungeon
  4797 | D:5      | Reached skill level 5 in Shields
  4904 | D:5      | Reached skill level 1 in Maces & Flails
  4904 | D:5      | Reached XP level 8. HP: 36/54 MP: 8/8
  5071 | D:5      | Reached skill level 5 in Fighting
  5484 | D:5      | Found a shadowy altar of Dithmenos.
  5547 | D:5      | Found a glowing golden altar of the Shining One.
  6028 | D:6      | Noticed Prince Ribbit
  6036 | D:6      | Killed Prince Ribbit
  6036 | D:6      | Reached XP level 9. HP: 61/61 MP: 9/9
  6321 | D:6      | Noticed an efreet
  6335 | D:6      | HP: 2/61 [efreet/fireball (19)]
  6337 | D:6      | Killed an efreet
  6820 | D:6      | Found a glowing silver altar of Zin.
  6820 | D:6      | Found an opulent altar of Gozag.
  7097 | D:7      | Reached skill level 5 in Maces & Flails
  7097 | D:7      | Reached skill level 5 in Dodging
  7597 | D:7      | Found a radiant altar of Vehumet.
  7709 | D:7      | Found a staircase to the Ecumenical Temple.
  7719 | Temple   | Entered the Ecumenical Temple
  7924 | Temple   | Became a worshipper of Cheibriados the Contemplative
  8304 | D:7      | Reached XP level 10. HP: 34/67 MP: 10/10
  8686 | D:8      | Reached skill level 1 in Invocations
  8708 | D:8      | Reached skill level 2 in Invocations
  8829 | D:8      | Upgraded the game from 0.20.0-7-g3b7b877 to 0.20.0-8-g6b59dc7
  8843 | D:8      | Reached skill level 3 in Invocations
  9139 | D:8      | Found a deep blue altar of Sif Muna.
  9234 | D:9      | Reached * piety under Cheibriados
  9241 | D:9      | Reached skill level 4 in Invocations
  9307 | D:9      | Noticed a two-headed ogre
  9317 | D:9      | Killed a two-headed ogre
  9317 | D:9      | Reached skill level 6 in Invocations
  9475 | D:9      | Found an opulent altar of Gozag.
  9667 | D:9      | Reached skill level 7 in Invocations
  9682 | D:9      | Reached skill level 8 in Invocations
  9913 | D:9      | Reached skill level 9 in Invocations
  9922 | D:9      | Noticed a seven-headed hydra
  9930 | D:9      | Slain by a seven-headed hydra

Skill      XL: |  1  2  3  4  5  6  7  8  9 10 |
---------------+-------------------------------+-----
Dodging        | 2 3 5 |  5.1
Stealth        | 6 8 |  8.4
Shields        | 2 3 5 6 8 |  8.6
Fighting       | 4 5 |  5.6
Maces & Flails | 1 3 6 |  6.8
Invocations    | 9 |  9.0
Short Blades   | |  2.0
Throwing       | |  2.0

Action                   |  1- 3 |  4- 6 |  7- 9 | 10-12 || total
-------------------------+-------+-------+-------+-------++-------
Melee: Dagger            |    41 |   118 |    59 |       ||   218
       Constrict         |    13 |    29 |    36 |    19 ||    97
       Tentacles         |     7 |    18 |    34 |    30 ||    89
       Morningstar       |       |       |   143 |   111 ||   254
 Fire: Blowgun           |     3 |     6 |     4 |       ||    13
Evoke: Wand              |       |       |     2 |       ||     2
  Use: Scroll            |     5 |     1 |    12 |     5 ||    23
       Potion            |       |     1 |     4 |     1 ||     6
 Stab: Sleeping          |     5 |    23 |    22 |     6 ||    56
       Distracted        |       |       |     2 |     2 ||     4
       Confused          |       |       |       |     1 ||     1
  Eat: Chunk             |       |     9 |    10 |     3 ||    22
       Fruit             |       |       |     2 |     2 ||     4
       Royal jelly       |       |       |     1 |       ||     1
Armor: Skin              |     5 |    10 |    33 |    10 ||    58
Dodge: Dodged            |    21 |    42 |    68 |    62 ||   193
Block: Shield            |       |    31 |    58 |       ||    89
       Large shield      |       |       |    50 |   126 ||   176
